 Dungeon Crawl Stone Soup version 0.23-a0-644-gb60d84b (webtiles) character file.

24 Borgoz the Sneak (level 3, 0/24 HPs)
             Began as a Halfling Assassin on Jan 2, 2019.
             Succumbed to a scorpion's poison
             ... on level 2 of the Dungeon.
             The game lasted 00:01:49 (734 turns).

Borgoz the Sneak (Halfling Assassin)                 Turns: 734, Time: 00:01:50

Health: 0/24       AC:  3    Str: 12    XL:     3   Next: 15%
Magic:  3/3        EV: 14    Int:  9    God:
Gold:   20         SH:  0    Dex: 16    Spells: 2/2 levels left

rFire    . . .     SeeInvis +   a - +2 dagger
rCold    . . .     Gourm    .   (shield restricted)
rNeg     . . .     Faith    .   c - +0 robe
rPois    .         Spirit   .   (no helmet)
rElec    .         Reflect  .   d - +0 cloak
rCorr    .         Harm     .   (no gloves)
MR       .....                  (no boots)
Stlth    +++.......             (no amulet)
HPRegen  0.08/turn              k - ring of see invisible
MPRegen  0.08/turn              (no ring)

@: lethally poisoned (0 -> -11)
A: small, mutation resistance 1
a: no special abilities


You were on level 2 of the Dungeon.
You were not hungry.

You visited 1 branch of the dungeon, and saw 2 of its levels.

You collected 20 gold pieces.

Inventory:

Hand Weapons
 a - a +2 dagger (weapon)
 b - a +0 blowgun
Missiles
 e - 8 poisoned needles
 f - 2 curare-tipped needles
Armour
 c - a +0 robe (worn)
 d - a +0 cloak (worn)
Jewellery
 k - a ring of see invisible (left hand)
Scrolls
 h - 2 scrolls of enchant weapon
 i - a scroll of identify
Comestibles
 g - 4 rations
 j - 7 chunks of flesh


   Skills:
 * Level 1.7 Fighting
 + Level 2.7 Short Blades
 + Level 2.0 Throwing
 * Level 1.2 Dodging
 * Level 5.3 Stealth


You had 2 spell levels left.
You didn't know any spells.
Your spell library was empty.

Dungeon Overview and Level Annotations

Branches:
Dungeon (2/15)

Altars:

Annotations:
D:2 1 runed door


Innate Abilities, Weirdness & Mutations

You are small and have problems with some larger weapons.
You are somewhat resistant to further mutation.


Message History

No target in view!
No target in view!
Found a stone staircase leading down.
A scorpion comes into view.
Found a scroll labeled ORUYTS UPLUELI.
You see here 9 poisoned needles.
You hit the scorpion but do no damage. The scorpion stings you!
You hit the scorpion.
The scorpion is lightly wounded.
The scorpion stings you!
* * * LOW HITPOINT WARNING * * *
You are lethally poisoned!
The scorpion poisons you!
* * * LOW HITPOINT WARNING * * *
You feel sick.
* * * LOW HITPOINT WARNING * * *
You feel sick.
You aren't carrying any potions.
Okay, then.
You die...

.# ###.# ..?
#.###.# #.....#
#.##### #s#
#.#####.######
#......@.....#
#######.####.#
#.# #.#
#######.# #.#
.>......# #.#
#######.####.##
#.......#
########..#
#.........#


You could see a scorpion.

Vanquished Creatures
  A leopard gecko (D:1)
  2 bats (D:1)
  3 giant cockroaches
  2 goblins (D:2)
  3 hobgoblins
  2 jackals (D:2)
  3 kobolds
  A ball python (D:2)
  2 frilled lizards (D:1)
  A rat (D:1)
20 creatures vanquished.

Notes
Turn   | Place    | Note
-------+----------+-------------------------------------------
     0 | D:1      | Borgoz the Halfling Assassin began the quest for the Orb.
     0 | D:1      | Reached XP level 1. HP: 14/14 MP: 1/1
   124 | D:1      | Reached XP level 2. HP: 16/19 MP: 2/2
   285 | D:1      | Reached skill level 5 in Stealth
   556 | D:2      | Found a runed door.
   646 | D:2      | Found a faded altar of an unknown god.
   665 | D:2      | Reached XP level 3. HP: 24/24 MP: 3/3
   723 | D:2      | Noticed a scorpion
   732 | D:2      | HP: 1/24 [poisoned by a scorpion]
   734 | D:2      | Succumbed to a scorpion's poison

Vault maps used:
D:1:      lemuel_arrival_broad_hall
D:2:      chequers_ecumenical_altar_simple, uniq_crazy_yiuf_cottage

Skill      XL: |  1  2 |
---------------+-------+-----
Stealth        | 5 |  5.3
Fighting       | |  1.7
Short Blades   | |  2.7
Throwing       | |  2.0
Dodging        | |  1.2

Action                   || total
-------------------------++-------
Melee: Dagger            ||    61
  Use: Potion            ||     1
       Scroll            ||     3
 Stab: Sleeping          ||     5
Armor: Robe              ||    13
Dodge: Dodged            ||    45

Table legend:
 A = Non-vault XP
 B = Vault XP
 C = Vault XP percentage of total XP
 D = Non-vault monster count
 E = Vault monster count
 F = Vault count percentage of total count
                 A         B        C        D         E       F
            +---------+---------+-------+---------+---------+-------
      Total |      35 |       0 |   0.0 |      20 |       0 |   0.0
            +---------+---------+-------+---------+---------+-------
        D:1 |      16 |       0 |   0.0 |       9 |       0 |   0.0
        D:2 |      19 |       0 |   0.0 |      11 |       0 |   0.0
            +---------+---------+-------+---------+---------+-------
